[Event "Team 45 45 League T46"]
[Site "Internet Chess Club"]
[Date "2010.08.23"]
[Round "3"]
[White "leland"]
[Black "Lokath"]
[Result "0-1"]
[WhiteElo "1822"]
[BlackElo "1846"]
[Opening "Ruy Lopez: Cozio defense"]
[ECO "C60"]
[Time "22:02:34"]
[TimeControl "2700+45"]

1. e4 e5 2. Nf3 Nc6 3. Bb5 Nge7 4. O-O g6 5. c3 Bg7 6. d4 exd4 7. Nxd4 a6 8. Ba4
O-O 9. Be3 d5 10. Nd2 Nxd4 11. Bxd4 Bxd4 12. cxd4 c6 13. e5 Qb6 14. Nb3 Qb4 15.
Nc5 Nf5 16. Qd3 Nxd4 17. Nb3 Ne6 18. Bxc6 bxc6 19. Rac1 a5 20. Rxc6 Ba6 21. Rxa6
Nf4 22. Qf3 Rxa6 23. g3 Nh3+ 24. Kg2 Ng5 25. Qxd5 Qe4+ 26. Qxe4 Nxe4 27. Re1 Ng5
28. Nc5 Rc6 29. Nd7 Rd8 30. Nf6+ Kg7 31. f4 Ne6 32. Re2 Nd4 33. Rd2 Rc2 34. Rxc2
Nxc2 35. a3 Rd2+ 36. Kh3 a4 37. Ne4 Rd3 38. Nc5 Rd4 39. b3 axb3 40. Nxb3 Ra4 41.
Nc5 Rc4 42. Nd7 Nxa3 43. Nf6 Nc2 44. Ne8+ Kf8 45. Nf6 h6 46. Nd7+ Kg7 47. Nf6
Rc6 48. Ne8+ Kf8 49. Nf6 Rxf6 50. exf6 Ke8 51. Kg4 Kd7 52. f5 Ne3+ 53. Kf4 Nxf5
54. g4 Nh4 55. g5 hxg5+ 56. Kxg5 Nf3+ 57. Kh6 Nxh2 58. Kg7 Ke6 59. Kg8 g5 {White
resigns} 0-1

[Event "Team 45 45 League T46"]
[Site "Internet Chess Club"]
[Date "2010.08.22"]
[Round "3"]
[White "tigereye"]
[Black "ice-cream"]
[Result "0-1"]
[WhiteElo "1847"]
[BlackElo "1672"]
[Opening "QGD semi-Slav: 5.e3"]
[ECO "D45"]
[Time "11:00:13"]
[TimeControl "2700+45"]

1. d4 Nf6 2. c4 e6 3. Nf3 d5 4. Nc3 c6 5. e3 Qa5 6. Qc2 Ne4 7. Bd3 Nxc3 8. bxc3
Nd7 9. O-O b6 10. Bd2 Ba6 11. cxd5 Bxd3 12. Qxd3 cxd5 13. a4 Bd6 14. e4 dxe4 15.
Qxe4 Rd8 16. c4 Qa6 17. Qc6 Bb8 18. a5 Rc8 19. axb6 Rxc6 20. bxa7 Bxa7 21. Rxa6
Rxa6 22. c5 O-O 23. Bf4 Bb8 24. Be3 Bc7 25. Rc1 Nf6 26. Nd2 Nd5 27. Bg5 Bf4 28.
Bxf4 Nxf4 29. Kf1 Rfa8 30. g3 Ra1 31. Nb1 Nd3 32. Rd1 Nb4 33. Ke2 R8a2+ 34. Ke3
Rb2 35. Nc3 Rxd1 36. Nxd1 Nd5+ 37. Kd3 Rb1 38. Kc2 Rb8 39. Nb2 Nb4+ 40. Kc3 Nc6
41. Nd3 Rd8 42. Nb4 Nxb4 43. Kxb4 Rxd4+ 44. Kb5 Rd2 45. c6 Rxf2 46. c7 Rc2 47.
Kb6 Rxc7 48. Kxc7 e5 {White resigns} 0-1

[Event "Team 45 45 League T46"]
[Site "Internet Chess Club"]
[Date "2010.08.21"]
[Round "3"]
[White "RayF"]
[Black "jt2000"]
[Result "1-0"]
[WhiteElo "1769"]
[BlackElo "1667"]
[Opening "QGD: 4.Nf3"]
[ECO "D37"]
[Time "23:09:42"]
[TimeControl "2700+45"]

1. d4 d5 2. c4 e6 3. Nc3 Nf6 4. Nf3 Nbd7 5. e3 Be7 6. Bd3 a6 7. cxd5 exd5 8. O-O
O-O 9. Qc2 h6 10. Ne2 c6 11. Ng3 Re8 12. a3 Qc7 13. Nf5 Nf8 14. Nxe7+ Rxe7 15.
Bd2 Bg4 16. Ne5 N8d7 17. h3 Nxe5 18. dxe5 Qxe5 19. Bc3 Qg5 20. Bxf6 gxf6 21.
hxg4 Qxg4 22. Qc5 Re5 23. Qd4 Qg7 24. Qb6 Rg5 25. Qb4 Rxg2+ 26. Kh1 Kh8 27. Be2
Rg8 28. Qh4 Qg5 29. Qxg5 R2xg5 30. Rad1 h5 31. Rd4 Kh7 32. Rb4 b5 33. Rh4 Kh6
34. Rc1 c5 35. f4 Rg3 36. Bxh5 Kg7 37. Rxc5 Rxe3 38. Rc7 Rge8 39. Rxf7+ Kh6 40.
Bg4+ Kg6 41. Rfh7 Re1+ 42. Kg2 R8e2+ 43. Kf3 Re3+ 44. Kf2 {Black resigns} 1-0

[Event "Team 45 45 League T46"]
[Site "Internet Chess Club"]
[Date "2010.08.23"]
[Round "3"]
[White "cityprosecutor"]
[Black "frank001"]
[Result "1-0"]
[WhiteElo "1783"]
[BlackElo "1843"]
[Opening "Alekhine's defense: Maróczy variation"]
[ECO "B02"]
[Time "23:07:36"]
[TimeControl "2700+45"]

1. e4 Nf6 2. d3 d5 3. Nd2 Nc6 4. Ngf3 e5 5. g3 Be7 6. Bg2 O-O 7. O-O dxe4 8.
dxe4 Bg4 9. h3 Be6 10. c3 h6 11. Qc2 Qd7 12. Kh2 Bc5 13. b4 Bd6 14. Bb2 Rfe8 15.
Rfd1 Qe7 16. a3 g6 17. c4 Qf8 18. c5 Be7 19. Nxe5 Nxe5 20. Bxe5 c6 21. Qc3 Nd7
22. Bd4 f5 23. exf5 Bxf5 24. Qc4+ Kh7 25. Re1 h5 26. Re2 Bf6 27. Rae1 Rxe2 28.
Rxe2 Rd8 29. Ne4 Be7 30. Qc3 a6 31. Qe3 Nb8 32. Bf1 Qf7 33. Ng5+ Bxg5 34. Qxg5
Rd7 35. Qf4 Rd8 36. g4 hxg4 37. hxg4 Be6 38. Qxf7+ Bxf7 39. Re7 Rxd4 40. Rxf7+
Kh6 41. Rxb7 Nd7 42. Bxa6 Ne5 43. Rc7 Rxg4 44. Bb7 Kg5 45. Bxc6 Rh4+ 46. Kg1
Rg4+ 47. Kf1 Kf4 48. Bg2 Nc4 49. c6 Nxa3 50. Rf7+ Ke5 51. c7 Rc4 52. Bh3 {Black
resigns} 1-0

[Event "Team 45 45 League T46"]
[Site "Internet Chess Club"]
[Date "2010.08.22"]
[Round "3"]
[White "jjmolina"]
[Black "wavery"]
[Result "1-0"]
[WhiteElo "1717"]
[BlackElo "1745"]
[Opening "Queen's pawn game"]
[ECO "D04"]
[Time "14:00:37"]
[TimeControl "2700+45"]

1. d4 Nf6 2. Nf3 d5 3. e3 Bf5 4. Bd3 Bxd3 5. Qxd3 a6 6. O-O e6 7. Nbd2 c5 8. Re1
Nc6 9. c3 cxd4 10. exd4 Be7 11. Nf1 O-O 12. Bd2 Ne4 13. Bf4 b5 14. Ng3 Nf6 15.
Ne5 Nxe5 16. Bxe5 Qb6 17. Qf3 b4 18. Nh5 Nxh5 19. Qxh5 f6 20. Bf4 e5 21. dxe5
fxe5 22. Qxe5 Bf6 23. Qxd5+ Kh8 24. Be3 Qc7 25. cxb4 Bxb2 26. Rab1 Be5 27. g3
Rad8 28. Qc5 Qb7 29. Qxe5 {Black resigns} 1-0

[Event "Team 45 45 League T46"]
[Site "Internet Chess Club"]
[Date "2010.08.23"]
[Round "3"]
[White "nityanand"]
[Black "froggoathorse"]
[Result "1-0"]
[WhiteElo "1688"]
[BlackElo "1792"]
[Opening "Petrov: Nimzovich attack"]
[ECO "C42"]
[Time "22:17:27"]
[TimeControl "2700+45"]

1. e4 e5 2. Nf3 Nf6 3. Nxe5 d6 4. Nf3 Nxe4 5. Nc3 Nxc3 6. dxc3 Be7 7. Be3 O-O 8.
Qd2 Nc6 9. h4 Ne5 10. Ng5 Bg4 11. f3 f6 12. Nxh7 Bxf3 13. Nxf8 Bxf8 14. Qf2 Bd5
15. Qd2 c6 16. b3 Qe7 17. O-O-O b5 18. Bxb5 Bxg2 19. Qxg2 d5 20. b4 a5 21. Bxc6
Nxc6 22. Qxd5+ Kh8 23. Bc5 Qc7 24. Bxf8 Rxf8 25. Qc5 Qf4+ 26. Kb2 Rc8 27. b5 Qb8
28. Qh5+ Kg8 29. Qd5+ Kh8 30. a4 Ne5 31. Rd4 Qc7 32. Rh3 Nf7 33. Qd7 Ne5 34.
Qxc7 Rxc7 35. Kb3 Nd7 36. Re3 Ne5 37. c4 Kg8 38. b6 Rc6 39. c5 Rc8 40. b7 Rb8
41. Rxe5 Rxb7+ 42. Kc3 fxe5 43. Re4 Re7 44. Kc4 Kf7 45. Kd5 Kf6 46. c6 Kf5 47.
Re1 e4 48. Kd6 Re6+ 49. Kd7 Rf6 50. c7 Rf7+ 51. Kc6 {Black resigns} 1-0

[Event "Team 45 45 League T46"]
[Site "Internet Chess Club"]
[Date "2010.08.18"]
[Round "3"]
[White "smitty120"]
[Black "AronT"]
[Result "1/2-1/2"]
[WhiteElo "1857"]
[BlackElo "2077"]
[Opening "French: Winawer, advance, poisoned pawn variation"]
[ECO "C18"]
[Time "21:00:12"]
[TimeControl "2700+45"]

1. e4 e6 2. d4 d5 3. Nc3 Bb4 4. e5 c5 5. a3 Bxc3+ 6. bxc3 Ne7 7. Qg4 O-O 8. h4
Nbc6 9. Ne2 f5 10. Qg3 Qa5 11. Bd2 Qa4 12. dxc5 Qxc2 13. a4 Qe4 14. f4 d4 15.
Rh3 Rd8 16. Qf3 dxc3 17. Bxc3 Qxf3 18. Rxf3 Rd5 19. Nc1 Rxc5 20. Nb3 Rd5 21. Bc4
Rd8 22. Nc5 Kf7 23. a5 Nd4 24. Rf2 Nec6 25. Rd2 Rb8 26. Rad1 b6 27. axb6 axb6
28. Nb3 Nxb3 29. Rxd8 Nxd8 30. Rxd8 Nc5 31. Bb5 Ra8 32. Bc6 Ra3 33. Rxc8 Rxc3
34. h5 Rc1+ 35. Ke2 Rh1 36. Bf3 g6 37. Rc7+ Kg8 38. Rc8+ Kg7 39. Rc7+ Kh6 40.
hxg6 hxg6 41. g4 Rh2+ 42. Ke3 fxg4 43. Bxg4 Rg2 44. Kf3 Rb2 45. Rc6 Rb3+ 46. Kg2
Nd3 47. Bxe6 Nxf4+ 48. Kf2 Nxe6 49. Rxe6 Kg5 50. Rc6 b5 51. e6 Kf6 52. e7+ Kxe7
53. Rxg6 Rd3 54. Rb6 Rb3 55. Ke2 Kd7 56. Kd2 Kc7 57. Rh6 Rg3 58. Kc2 Rf3 59. Rg6
Rh3 60. Rf6 Ra3 61. Kb2 Rd3 62. Kc2 Re3 63. Rh6 Kb7 64. Rg6 Re4 65. Kb3 Rc4 66.
Rh6 Ra4 67. Rg6 Ra1 68. Kb2 Rh1 69. Kb3 Rb1+ 70. Kc2 Rb4 71. Kc3 Ra4 72. Kb3 Rh4
73. Rf6 Rc4 74. Rh6 Rc6 75. Rxc6 Kxc6 76. Kb4 Kb6 77. Kb3 Kc5 78. Kc3 Kd5 79.
Kb3 Kc5 80. Kc3 b4+ 81. Kb3 Kb5 82. Kb2 Kc4 83. Kc2 Kc5 84. Kb3 Kb5 85. Kb2 Ka4
86. Ka2 b3+ 87. Kb1 Kb5 88. Kb2 Kc4 89. Kb1 Kd3 90. Kb2 Kc4 91. Kb1 Kc3 92. Kc1
b2+ 93. Kb1 Kb3 {White stalemated} 1/2-1/2

[Event "Team 45 45 League T46"]
[Site "Internet Chess Club"]
[Date "2010.08.23"]
[Round "3"]
[White "Diperblu"]
[Black "tenor"]
[Result "1/2-1/2"]
[WhiteElo "1657"]
[BlackElo "1766"]
[Opening "Ruy Lopez: Morphy defense"]
[ECO "C77"]
[Time "18:00:09"]
[TimeControl "2700+45"]

1. e4 e5 2. Nf3 Nc6 3. Bb5 a6 4. Ba4 Nf6 5. d4 exd4 6. O-O Bc5 7. e5 Nd5 8. Bg5
Be7 9. Bxc6 dxc6 10. Bxe7 Qxe7 11. Nxd4 O-O 12. Re1 c5 13. Nf3 Be6 14. c4 Nb6
15. b3 Rad8 16. Qc2 Rd7 17. Nc3 Rfd8 18. Rad1 Bg4 19. Qe4 Bxf3 20. Qxf3 Rxd1 21.
Rxd1 Rxd1+ 22. Qxd1 h6 23. f4 Qd7 24. Qxd7 Nxd7 25. Kf2 Kf8 26. Nd5 c6 27. Nc3
Ke7 28. Ke3 f6 29. exf6+ Nxf6 30. h3 b5 31. Ne4 Nd7 32. g4 Ke6 33. h4 a5 34. a4
b4 35. h5 Ke7 36. g5 Ke6 37. gxh6 gxh6 38. Kf3 Kf5 39. Nd6+ Ke6 40. Nb7 Kf5 41.
Nxa5 Nb6 42. Nxc6 Nxa4 43. Ne7+ Ke6 44. Ng8 Nb2 45. Nxh6 Nxc4 46. Ng4 Nd6 47.
Ke3 Kf5 48. Ne5 Ke6 49. h6 Nf5+ 50. Kd3 Nxh6 51. Kc4 Kf5 52. Nd3 Ke4 53. Nxc5+
Kxf4 54. Kxb4 Ke5 55. Kb5 Kd5 56. Kb6 Nf5 57. b4 Nd4 58. Nd7 Kc4 59. Ne5+ Kxb4
{Game drawn because neither player has mating material} 1/2-1/2

[Event "Team 45 45 League T46"]
[Site "Internet Chess Club"]
[Date "2010.08.20"]
[Round "3"]
[White "siddhu"]
[Black "Bacon1290"]
[Result "1-0"]
[WhiteElo "1845"]
[BlackElo "1684"]
[Opening "Sicilian: Najdorf, Byrne (English) attack"]
[ECO "B90"]
[Time "15:00:29"]
[TimeControl "2700+45"]

1. e4 c5 2. Nf3 d6 3. d4 cxd4 4. Nxd4 Nf6 5. Nc3 a6 6. Be3 e5 7. Nb3 Be7 8. Bc4
b5 9. Bd5 Nxd5 10. Qxd5 Qc7 11. Qxa8 Nc6 12. Nd5 Qd7 13. Nb6 Qc7 14. Qxc8+ Qxc8
15. Nxc8 {Black resigns} 1-0

[Event "Team 45 45 League T46"]
[Site "Internet Chess Club"]
[Date "2010.08.21"]
[Round "3"]
[White "Two-DogMan"]
[Black "RLLN"]
[Result "0-1"]
[WhiteElo "1570"]
[BlackElo "1686"]
[Opening "Sicilian: closed, 2...Nc6"]
[ECO "B23"]
[Time "09:03:14"]
[TimeControl "2700+45"]

1. e4 c5 2. Nc3 Nc6 3. Nf3 e6 4. g3 d6 5. Bg2 g6 6. O-O Bg7 7. d3 Nge7 8. a3 O-O
9. Rb1 Rb8 10. Be3 b5 11. Ne2 a6 12. Qd2 Re8 13. d4 cxd4 14. Nfxd4 Ne5 15. h3 d5
16. Qc1 Bb7 17. exd5 Nxd5 18. Rd1 Qc7 19. c3 Rbc8 20. Nf4 Nxe3 21. Bxb7 Qxb7 22.
Qxe3 Nc4 23. Qf3 Qb6 24. Nb3 a5 25. Nd2 Nxb2 26. Rxb2 Rxc3 27. Qg2 Rxa3 28. Rbb1
Rc8 29. Qf1 Rxg3+ 30. Ng2 b4 31. Ne4 Rxh3 32. Rd6 Qb8 33. Rbd1 Be5 34. f4 Bxd6
35. Nxd6 Qb6+ 36. Qf2 Qxf2+ 37. Kxf2 Rc2+ 38. Kg1 Rg3 39. Ne4 Rgxg2+ 40. Kh1 b3
41. Ra1 b2 42. Rb1 {White resigns} 0-1

[Event "Team 45 45 League T46"]
[Site "Internet Chess Club"]
[Date "2010.08.23"]
[Round "3"]
[White "AG2009"]
[Black "NFork"]
[Result "1/2-1/2"]
[WhiteElo "2273"]
[BlackElo "2394"]
[Opening "Neo-Grünfeld, 6.cd Nxd5, 7.O-O"]
[ECO "D75"]
[Time "13:17:20"]
[TimeControl "2700+45"]

1. d4 Nf6 2. Nf3 g6 3. g3 Bg7 4. c4 O-O 5. Bg2 d5 6. cxd5 Nxd5 7. O-O c5 8. e4
Nf6 9. e5 Nfd7 10. e6 fxe6 11. Ng5 Qb6 12. Qe2 cxd4 13. Qxe6+ Qxe6 14. Nxe6 Nc6
15. Nxf8 Kxf8 16. Nd2 Nc5 17. b3 d3 18. Rb1 a5 19. Bxc6 bxc6 20. Bb2 Bxb2 21.
Rxb2 Ne6 22. Nc4 Ba6 23. Ne5 Nd4 24. Rd1 Rd8 25. Rbd2 Rd5 26. f4 a4 27. b4 Ne2+
28. Kf2 Nc3 29. Re1 Bb5 30. a3 Ne2 31. h4 Nd4 32. Red1 Nc2 33. Nxd3 Nxa3 34. Nc5
Rxd2+ 35. Rxd2 Nc4 36. Rd7 Nb6 37. Ra7 Kf7 38. Ke3 Nd5+ 39. Kd4 Nxb4 40. Nxa4
Nc2+ 41. Kc5 Ne3 42. Nc3 Nf5 43. Ne4 h6 {Game drawn by mutual agreement} 1/2-1/2

[Event "Team 45 45 League T46"]
[Site "Internet Chess Club"]
[Date "2010.08.21"]
[Round "3"]
[White "Dreamshell"]
[Black "Camalleo"]
[Result "0-1"]
[WhiteElo "1944"]
[BlackElo "1891"]
[Opening "QGD Slav: Slav gambit"]
[ECO "D15"]
[Time "14:01:13"]
[TimeControl "2700+45"]

1. d4 d5 2. c4 c6 3. Nf3 Nf6 4. Nc3 dxc4 5. e4 b5 6. Qc2 Bg4 7. Be2 Bxf3 8. Bxf3
Na6 9. O-O Nb4 10. Qe2 Qxd4 11. e5 Nfd5 12. a4 e6 13. axb5 cxb5 14. Nxb5 Qc5 15.
Na3 c3 16. Qb5+ Qxb5 17. Nxb5 c2 18. Bd2 Rc8 19. Bxd5 exd5 20. Rxa7 Nd3 21. Nc7+
Kd7 22. Nxd5+ Ke6 23. Nf4+ Nxf4 24. Bxf4 Bc5 25. Ra5 Rhd8 26. Ra6+ Kf5 27. Bc1
Rd1 28. g4+ Kxg4 29. Kg2 Kf5 30. f4 Rc7 31. Ra4 Rc6 32. Rc4 Rg6+ {White resigns}
0-1

[Event "Team 45 45 League T46"]
[Site "Internet Chess Club"]
[Date "2010.08.19"]
[Round "3"]
[White "fishhead"]
[Black "froggoathorse"]
[Result "0-1"]
[WhiteElo "1774"]
[BlackElo "1815"]
[Opening "Petrov: Cochrane gambit"]
[ECO "C42"]
[Time "18:27:27"]
[TimeControl "2700+45"]

1. e4 e5 2. Nf3 Nf6 3. Nxe5 d6 4. Nxf7 Kxf7 5. Bc4+ Be6 6. Bxe6+ Kxe6 7. d4 Kf7
8. O-O Be7 9. f4 Nxe4 10. Qh5+ Kf8 11. Qd5 Nf6 12. Qxb7 Nbd7 13. Nc3 c5 14. d5
c4 15. Kh1 Nb6 16. Re1 Qd7 17. Qxd7 Nfxd7 18. Nb5 Nxd5 19. Rd1 N7b6 20. b3 c3
21. Rd3 Nb4 22. Rxc3 Bf6 23. Bb2 Bxc3 24. Bxc3 Nxc2 25. Rc1 Ne3 26. Nxd6 Nbd5
27. Bd4 Ke7 28. Nb5 a6 29. Bc5+ Kd7 30. Nd4 Nxf4 31. Re1 Rhe8 32. Nf3 Nd3 33.
Rxe3 Nxc5 34. Rc3 Rac8 35. h3 Re2 36. b4 Nb7 37. Rd3+ Ke7 38. a4 Rc4 39. Nd4 Re4
40. Nf5+ Kf6 41. g4 Rxb4 42. Kg2 Nc5 43. Rd6+ Re6 44. Rd8 Kf7 45. Rc8 Nxa4 46.
Rc7+ Kf6 47. Rxg7 Rb2+ 48. Kf3 Rb3+ 49. Kf4 Rb4+ 50. Kf3 h5 51. Rg8 Rb3+ 52. Kf4
Rb4+ 53. Kf3 hxg4+ 54. hxg4 Nc5 55. Nh6 Rbb6 56. g5+ Ke5 57. Nf7+ Kd4 58. Rd8+
Kc4 59. Kf4 Rf6+ 60. gxf6 Rxf6+ 61. Ke3 Rxf7 62. Rd4+ Kb5 63. Kd2 Nb3+ {White
forfeits on time} 0-1

[Event "Team 45 45 League T46"]
[Site "Internet Chess Club"]
[Date "2010.08.19"]
[Round "3"]
[White "oldsj"]
[Black "RayF"]
[Result "0-1"]
[WhiteElo "1651"]
[BlackElo "1757"]
[Opening "Sicilian: Najdorf, 7...Be7 main line"]
[ECO "B99"]
[Time "09:00:34"]
[TimeControl "2700+45"]

1. e4 c5 2. Nf3 d6 3. d4 cxd4 4. Nxd4 Nf6 5. Nc3 a6 6. Bg5 e6 7. f4 Be7 8. Qf3
Qc7 9. O-O-O Nbd7 10. g4 b5 11. Bxf6 Bxf6 12. Ndxb5 axb5 13. Nxb5 Qb8 14. Nxd6+
Ke7 15. e5 Rxa2 16. exf6+ Nxf6 17. Nxc8+ Rxc8 18. Bd3 Qb4 {White resigns} 0-1

[Event "Team 45 45 League T46"]
[Site "Internet Chess Club"]
[Date "2010.08.21"]
[Round "3"]
[White "Deckfuel"]
[Black "Campagnolo"]
[Result "1-0"]
[WhiteElo "1980"]
[BlackElo "2052"]
[Opening "Dunst (Sleipner, Heinrichsen) opening"]
[ECO "A00"]
[Time "05:30:14"]
[TimeControl "2700+45"]

1. Nc3 Nf6 2. Nf3 d5 3. e3 c5 4. Bb5+ Nbd7 5. O-O g6 6. d4 Bg7 7. dxc5 O-O 8.
Nxd5 Nxd5 9. Qxd5 Nf6 10. Qb3 Ne4 11. Qc4 Nf6 12. Rb1 Be6 13. Qa4 Qd5 14. c6
bxc6 15. Bxc6 Qxa2 16. Qxa2 Bxa2 17. Ra1 Bc4 18. Bxa8 Bxf1 19. Rxa7 Bc4 20. b3
Rd8 21. Nd2 Be2 22. Bf3 Bxf3 23. gxf3 Nd7 24. Nc4 Nc5 25. Ba3 {Black resigns}
1-0

[Event "Team 45 45 League T46"]
[Site "Internet Chess Club"]
[Date "2010.08.23"]
[Round "3"]
[White "upsan"]
[Black "LucaTrapani"]
[Result "1/2-1/2"]
[WhiteElo "1892"]
[BlackElo "1987"]
[Opening "French: exchange variation"]
[ECO "C01"]
[Time "20:30:09"]
[TimeControl "2700+45"]

1. e4 e6 2. d4 d5 3. exd5 exd5 4. Bd3 Nc6 5. c3 Bd6 6. Qf3 Nge7 7. Ne2 h5 8. h3
Be6 9. Bf4 f6 10. Nd2 Qd7 11. Bxd6 Qxd6 12. Nf4 Bf7 13. O-O-O g5 14. Ne2 O-O-O
15. Ng3 Kb8 16. Rhe1 h4 17. Nf5 Nxf5 18. Bxf5 Ne7 19. Be6 Bh5 20. Bg4 Bg6 21.
Re6 Qd7 22. Nb3 {Game drawn by mutual agreement} 1/2-1/2

[Event "Team 45 45 League T46"]
[Site "Internet Chess Club"]
[Date "2010.08.21"]
[Round "3"]
[White "sandham"]
[Black "Paulkov"]
[Result "0-1"]
[WhiteElo "2115"]
[BlackElo "2282"]
[Opening "KP: Nimzovich defense"]
[ECO "B00"]
[Time "19:00:39"]
[TimeControl "2700+45"]

1. e4 Nc6 2. Nf3 d6 3. Bc4 Nf6 4. d3 g6 5. O-O Bg7 6. h3 O-O 7. c3 Na5 8. Bb5 a6
9. Ba4 b5 10. Bc2 c5 11. Bg5 Bb7 12. Re1 Qc7 13. Nbd2 Nc6 14. Nf1 Rfd8 15. Ne3
Ne5 16. Nh2 d5 17. f4 Ned7 18. e5 d4 19. cxd4 cxd4 20. Neg4 Nd5 21. Bb3 h5 22.
Nh6+ Bxh6 23. Bxh6 Ne3 24. Qd2 Nc5 25. Nf3 Nxb3 26. axb3 Bxf3 27. gxf3 Qc2 28.
Re2 Qxb3 29. Bg5 Rd7 30. Rc1 Qd5 31. Kf2 Qe6 32. Kg3 f6 33. exf6 exf6 34. Bh4
Re8 35. Rxe3 dxe3 36. Qc3 Kf7 37. b4 Red8 {White resigns} 0-1

[Event "Team 45 45 League T46"]
[Site "Internet Chess Club"]
[Date "2010.08.22"]
[Round "3"]
[White "LT-Prad"]
[Black "nb"]
[Result "1-0"]
[WhiteElo "2126"]
[BlackElo "2094"]
[Opening "English: ultra-symmetrical variation"]
[ECO "A36"]
[Time "15:02:01"]
[TimeControl "2700+45"]

1. c4 c5 2. g3 g6 3. Bg2 Bg7 4. Nc3 Nc6 5. a3 d6 6. Rb1 a5 7. Nh3 e5 8. d3 Nge7
9. O-O O-O 10. f4 Bg4 11. Nf2 Be6 12. e4 Nd4 13. Ng4 Nec6 14. Ne3 f5 15. Ned5 h6
16. b3 Kh7 17. h4 exf4 18. Nxf4 Ne5 19. h5 Bf7 20. hxg6+ Nxg6 21. exf5 Nxf5 22.
Ne4 Bd4+ 23. Kh2 Nxg3 24. Nxg3 Qh4+ 25. Bh3 Be5 26. Qg4 Qxg4 27. Bxg4 Be6 28.
Bxe6 Nxf4 29. Bxf4 Bxf4 30. Kh3 Rae8 31. Bf5+ {Black resigns} 1-0

[Event "Team 45 45 League T46"]
[Site "Internet Chess Club"]
[Date "2010.08.22"]
[Round "3"]
[White "Campagnolo"]
[Black "Ptzz"]
[Result "1-0"]
[WhiteElo "2070"]
[BlackElo "2072"]
[Opening "Caro-Kann: Panov-Botvinnik attack"]
[ECO "B13"]
[Time "05:30:14"]
[TimeControl "2700+45"]

1. e4 c6 2. d4 d5 3. exd5 cxd5 4. c4 Nf6 5. Nc3 Nc6 6. Nf3 Bg4 7. cxd5 Nxd5 8.
Qb3 Bxf3 9. gxf3 Nb6 10. Be3 e6 11. O-O-O Be7 12. d5 exd5 13. Nxd5 Nxd5 14. Rxd5
Qc7 15. Kb1 O-O 16. f4 Rad8 17. Bg2 Nb4 18. Rd4 Rxd4 19. Bxd4 Qxf4 20. Qe3 Qxe3
21. Bxe3 b6 22. h4 Rd8 23. h5 h6 24. Rg1 Bg5 25. Bxg5 hxg5 26. a3 Nd5 27. Be4 f6
28. Bg6 Kf8 29. Rc1 Nf4 30. Rc7 Nxg6 31. hxg6 a5 32. Rf7+ Ke8 33. Rxg7 Rd2 34.
Rg8+ Ke7 35. Rb8 {Black resigns} 1-0

[Event "Team 45 45 League T46"]
[Site "Internet Chess Club"]
[Date "2010.08.22"]
[Round "3"]
[White "eurander"]
[Black "onslaught"]
[Result "0-1"]
[WhiteElo "2175"]
[BlackElo "2192"]
[Opening "Sicilian: Alapin's variation (2.c3)"]
[ECO "B22"]
[Time "16:01:42"]
[TimeControl "2700+45"]

1. e4 c5 2. c3 d5 3. exd5 Qxd5 4. d4 g6 5. Nf3 Bg7 6. Na3 Nf6 7. Bc4 Qe4+ 8. Be3
O-O 9. O-O cxd4 10. Nxd4 a6 11. Be2 Nd5 12. Bg5 Nc6 13. Nxc6 bxc6 14. Bf3 Qe5
15. Bh4 Qb8 16. Qd2 e5 17. c4 Nf4 18. Be7 Re8 19. Bd6 Qb7 20. Rfe1 Bf5 21. Re3
Rad8 22. Rb3 Qd7 23. c5 Ne6 24. Qe3 e4 25. Be2 Bd4 26. Qc1 Bf6 27. Bxa6 Nd4 28.
Rb6 Bg4 29. Qf1 Ra8 30. Bc4 Ra4 31. Kh1 Be5 32. Bxe5 Rxe5 33. Bb3 Ra7 34. Rc1
Rh5 35. Nc4 Be2 36. Qe1 Nf3 37. Rb8+ Kg7 38. Qc3+ f6 39. Rg8+ Kh6 40. Qe3+ g5
41. gxf3 Bxf3+ 42. Qxf3 exf3 43. Nd2 Qh3 {White resigns} 0-1

[Event "Team 45 45 League T46"]
[Site "Internet Chess Club"]
[Date "2010.08.22"]
[Round "3"]
[White "izit"]
[Black "Knight77"]
[Result "1-0"]
[WhiteElo "2222"]
[BlackElo "2017"]
[Opening "Queen's pawn game"]
[ECO "E10"]
[Time "16:00:26"]
[TimeControl "2700+45"]

1. d4 e6 2. c4 Nf6 3. Nf3 d5 4. g3 g6 5. Bg2 Bg7 6. O-O O-O 7. Nc3 Nbd7 8. Bg5
h6 9. Bf4 dxc4 10. e4 g5 11. Be3 Ng4 12. Nd2 f5 13. Nxc4 b5 14. exf5 Rb8 15. Na5
Nxe3 16. fxe3 Qe8 17. fxe6 Nf6 18. Nc6 Bxe6 19. Nxb8 Bg4 20. Qb3+ Kh8 21. Nc6
Qxe3+ 22. Kh1 Be6 23. d5 Bg8 24. Rae1 Qd2 25. Re2 Qd3 26. Qxb5 Qg6 27. Ne7 Qh5
28. Bf3 g4 29. Bg2 Bh7 30. Ne4 Nxe4 31. Rxf8+ Bxf8 32. Bxe4 Bxe7 33. Bxh7 Qf7
34. Bf5 Qxf5 35. Qe8+ Bf8 36. Qe5+ Qxe5 37. Rxe5 Bd6 38. Re6 Kg7 39. Kg2 a6 40.
Kf1 Bf8 41. Rxa6 Bd6 42. Rxd6 cxd6 43. a4 {Black resigns} 1-0

[Event "Team 45 45 League T46"]
[Site "Internet Chess Club"]
[Date "2010.08.22"]
[Round "3"]
[White "Freitac"]
[Black "jonesey"]
[Result "0-1"]
[WhiteElo "1910"]
[BlackElo "1967"]
[Opening "Benkö gambit"]
[ECO "A57"]
[Time "14:00:23"]
[TimeControl "2700+45"]

1. d4 Nf6 2. c4 c5 3. d5 b5 4. Qc2 d6 5. e4 bxc4 6. Bxc4 g6 7. Nf3 Nbd7 8. O-O
Bg7 9. Nc3 O-O 10. h3 Rb8 11. b3 Nxe4 12. Bb2 Nef6 13. Rfe1 Nb6 14. Rad1 Nxc4
15. bxc4 Bf5 16. Qe2 Rxb2 17. Qxb2 Ne4 18. Rxe4 Bxe4 19. Qa3 Bxf3 20. gxf3 Qd7
21. Kg2 Bxc3 22. Qxc3 Rb8 23. Re1 Qf5 24. Qe3 Rb7 25. Qe4 Qf6 26. Rb1 Qg5+ 27.
Kh2 Rxb1 28. Qxb1 Qf4+ 29. Kg1 Qxc4 30. Qb8+ Kg7 31. Qxa7 Qxd5 32. a4 c4 33. a5
c3 {White resigns} 0-1

[Event "Team 45 45 League T46"]
[Site "Internet Chess Club"]
[Date "2010.08.20"]
[Round "3"]
[White "Morovon23"]
[Black "QueensCounselor"]
[Result "1-0"]
[WhiteElo "2289"]
[BlackElo "2178"]
[Opening "Grünfeld: modern exchange variation"]
[ECO "D90"]
[Time "15:00:31"]
[TimeControl "2700+45"]

1. d4 Nf6 2. c4 g6 3. Nf3 Bg7 4. Nc3 d5 5. cxd5 Nxd5 6. e4 Nxc3 7. bxc3 c5 8.
Be3 Nc6 9. Rc1 Qa5 10. d5 Ne5 11. Nxe5 Bxe5 12. Qd2 O-O 13. f4 Bg7 14. c4 Qxd2+
15. Kxd2 b6 16. Be2 Rd8 17. Bf3 h5 18. Rhd1 Bd7 19. Ke1 Ba4 20. Rd2 Rac8 21. Kf2
Bd7 22. h3 h4 23. g4 hxg3+ 24. Kxg3 Rc7 25. e5 Bf5 26. Rcd1 Rcd7 27. Bg4 Bxg4
28. hxg4 g5 29. Kf3 gxf4 30. Bxf4 Rc8 31. Ke4 Re8 32. g5 e6 33. dxe6 Rxd2 34.
exf7+ Kxf7 35. Rxd2 Re7 36. Kf5 Ke8 37. g6 Bh8 38. Rd5 {Black resigns} 1-0

[Event "Team 45 45 League T46"]
[Site "Internet Chess Club"]
[Date "2010.08.23"]
[Round "3"]
[White "xakelari"]
[Black "PandorasBox"]
[Result "1/2-1/2"]
[WhiteElo "2051"]
[BlackElo "1966"]
[Opening "French: advance, Paulsen attack"]
[ECO "C02"]
[Time "16:00:12"]
[TimeControl "2700+45"]

1. e4 e6 2. d4 d5 3. e5 c5 4. c3 Nc6 5. Nf3 Qb6 6. a3 Bd7 7. b4 cxd4 8. cxd4 Rc8
9. Bb2 Nh6 10. Nc3 Na5 11. Na4 Bxa4 12. Qxa4+ Nc6 13. Rc1 Be7 14. b5 O-O 15. Bc3
Nxe5 16. Nxe5 Rfe8 17. Be2 f6 18. Nf3 e5 19. O-O e4 20. Nd2 f5 21. f4 Ng4 22.
Bxg4 fxg4 23. Rfe1 Bf6 24. Bb2 a6 25. Qb3 Bxd4+ 26. Kh1 Bxb2 27. Qxb2 Rxc1 28.
Qxc1 Qxb5 29. Qc3 Qc6 30. Qb3 b5 {Game drawn by mutual agreement} 1/2-1/2

[Event "Team 45 45 League T46"]
[Site "Internet Chess Club"]
[Date "2010.08.23"]
[Round "3"]
[White "DavidBarnsley"]
[Black "CaoCao"]
[Result "1-0"]
[WhiteElo "2001"]
[BlackElo "1944"]
[Opening "Ruy Lopez: Berlin defense, hedgehog variation"]
[ECO "C48"]
[Time "14:17:16"]
[TimeControl "2700+45"]

1. e4 e5 2. Nc3 Nc6 3. Nf3 Nf6 4. Bb5 d6 5. d4 Bd7 6. O-O Be7 7. Re1 exd4 8.
Nxd4 O-O 9. Bf1 Re8 10. f3 h6 11. a4 Bf8 12. Be3 g6 13. Qd2 Kh7 14. a5 a6 15.
Nde2 Bg7 16. Nf4 Ne5 17. Nfd5 Nxd5 18. Nxd5 Bc6 19. Qb4 f5 20. Rad1 fxe4 21.
Qxe4 Nd7 22. Qb4 Nf6 23. Nf4 Nd7 24. Bc4 Ne5 25. Ne6 Rxe6 26. Bxe6 Qf6 27. Bd5
Re8 28. Bxc6 bxc6 29. Qf4 Qxf4 30. Bxf4 Rb8 31. b3 Rb5 32. Bxe5 Bxe5 33. f4 Bf6
34. Re8 c5 35. Kf1 Rxa5 36. Rc8 Bd4 37. Rxc7+ Kg8 38. c3 Bxc3 39. Rxd6 Ra1+ 40.
Kf2 Bd4+ 41. Kg3 {Black resigns} 1-0